 Dungeon Crawl Stone Soup version 0.22-a0-612-gd2f0174 (webtiles) character file.

58 iamserjio the Chopper (level 4, 0/42 HPs)
             Began as a Naga Berserker on July 11, 2018.
             Was a Follower of Trog.
             Succumbed to an adder's poison
             ... on level 2 of the Dungeon.
             The game lasted 00:04:26 (544 turns).

iamserjio the Chopper (Naga Berserker)               Turns: 544, Time: 00:04:26

Health: 0/42       AC:  8    Str: 19    XL:     4   Next: 1%
Magic:  4/4        EV: 11    Int: 11    God:    Trog [*.....]
Gold:   63         SH:  0    Dex: 15    Spells: 3/3 levels left

rFire    + . .     SeeInvis +   a - +0 hand axe
rCold    . . .     Gourm    .   (no shield)
rNeg     . . .     Faith    .   m - +0 chain mail
rPois    +         Spirit   .   d - +0 helmet
rElec    .         Reflect  .   (no cloak)
rCorr    .         Harm     .   i - +0 pair of gloves
MR       .....                  (no barding)
Stlth    ..........             (no amulet)
HPRegen  0.14/turn              (no ring)
MPRegen  0.09/turn              (no ring)

@: agile, lethally poisoned (0 -> -1), berserk cooldown, slowed, very slow
A: large, see invisible, clever 1, deformed body, fire resistance 1, poison
resistance, screaming 1, slowness 2, slow metabolism 1, spit poison 1, AC +1
a: Spit Poison, Berserk, Renounce Religion


You were on level 2 of the Dungeon.
You worshipped Trog.
Trog was aware of your devotion.
You were very hungry.

You visited 1 branch of the dungeon, and saw 4 of its levels.

You collected 63 gold pieces.

Inventory:

Hand Weapons
 a - a +0 hand axe (weapon)
 e - a +0 hunting sling
Armour
 b - a +0 animal skin
 d - a +0 helmet (worn)
 g - a +0 scale mail
 i - a +0 pair of gloves (worn)
 m - a +0 chain mail (worn)
Wands
 r - a wand of flame (23)
Scrolls
 h - a scroll of enchant armour {unknown}
 k - a scroll of blinking {unknown}
 l - 2 scrolls of identify {unknown}
 o - a scroll of remove curse {unknown}
 q - 3 scrolls of teleportation {unknown}
 s - a scroll of fear {unknown}
Comestibles
 c - 4 rations
 f - 3 chunks of flesh


   Skills:
 + Level 3.4 Fighting
 * Level 3.8 Axes
 + Level 2.0 Armour
 - Level 1.5 Dodging
 + Level 2.2 Stealth


You had 3 spell levels left.
You didn't know any spells.
Your spell library was empty.

Dungeon Overview and Level Annotations

Branches:
Dungeon (4/15)
 Temple: D:4-7

Altars:
Wu Jian


Innate Abilities, Weirdness & Mutations

You cannot wear boots.
Your serpentine skin is tough. (AC +1)
You have supernaturally acute eyesight. (SInv)
Armour fits poorly on your strangely shaped body.
Your system is resistant to poisons. (rPois)
You cover ground very slowly.
You have a slow metabolism.
You can spit poison.
Your mind is acute. (Int +2)
Your flesh is heat resistant. (rF+)
You occasionally shout uncontrollably at your foes.


Message History

You are no longer berserk.
You pass out from exhaustion.
You feel yourself slow down.
* * * LOW HITPOINT WARNING * * *
You feel sick.
* * * LOW HITPOINT WARNING * * *
You feel sick.
You can move again.
It was a potion of agility.
You feel agile all of a sudden.
It was a potion of magic.
Magic courses through your body.
* * * LOW HITPOINT WARNING * * *
You feel sick.
It was a potion of mutation.
You feel extremely strange.
You feel clever.
You feel resistant to heat.
You feel the urge to shout.
* * * LOW HITPOINT WARNING * * *
You feel sick.
* * * LOW HITPOINT WARNING * * *
You feel sick.
You die...

####.####..####...##########....#
##.....##..+......>..............
#.......#..####...###########...#
#.......#.## #..## ##..#
...._.....# #.## ##.#
#.......#.#####.##### #.#
#.......#.##........# #.#
##.....##.##.##.###.# ##.#
####.####..# #.@...# #..<
...).......# ####..# ###...
####......># .# #.....
....)......# # #.....
####.......# #.....
#.......#######. ###...
#............... #...
###.#.########## #### #..##


There were no monsters in sight!

Vanquished Creatures
  3 adders (D:2)
  An ooze (D:4)
  A worm (D:4)
  A dart slug (D:1)
  A giant cockroach (D:1)
  3 goblins (D:1)
  3 hobgoblins (D:2)
  A jackal (D:2)
  A quokka (D:3)
  2 frilled lizards (D:1)
  4 kobolds
  3 rats (D:1)
24 creatures vanquished.

Notes
Turn   | Place    | Note
-------+----------+-------------------------------------------
     0 | D:1      | iamserjio the Naga Berserker began the quest for the Orb.
     0 | D:1      | Reached XP level 1. HP: 21/21 MP: 1/1
   127 | D:1      | Reached skill level 1 in Stealth
   127 | D:1      | Reached XP level 2. HP: 19/28 MP: 2/2
   251 | D:2      | Reached XP level 3. HP: 32/34 MP: 3/3
   443 | D:2      | Found an ornate altar of the Wu Jian Council.
   529 | D:2      | Reached XP level 4. HP: 5/42 MP: 4/4
   535 | D:2      | HP: 2/42 [poisoned by an adder]
   539 | D:2      | Gained mutation: Your mind is acute. (Int +2) [potion of mutation]
   539 | D:2      | Gained mutation: Your flesh is heat resistant. (rF+) [potion of mutation]
   539 | D:2      | Gained mutation: You occasionally shout uncontrollably at your foes. [potion of mutation]
   540 | D:2      | HP: 1/42 [poisoned by an adder]
   544 | D:2      | Succumbed to an adder's poison

Vault maps used:
D:1:      dpeg_arrival_simpleton_a, minmay_fountain_box, minmay_pentomino_z2
D:2:      old_standard_altar
D:3:      nemelex_xobeh_ov_fountains_minmay, first_ration,
          uniq_crazy_yiuf_cottage
D:4:      old_forge, minmay_temple_entry_glassed_door, serial_shops,
          kennysheep_mini, bh_walls_and_bars

Skill      XL: |  1  2  3 |
---------------+----------+-----
Stealth        | 1 2 |  2.2
Armour         | 2 |  2.0
Fighting       | |  3.4
Axes           | |  3.8
Dodging        | |  1.5

Action                   |  1- 3 |  4- 6 || total
-------------------------+-------+-------++-------
Melee: Hand axe          |    87 |       ||    87
Invok: Berserk           |     4 |       ||     4
  Use: Potion            |       |     3 ||     3
  Eat: Chunk             |     1 |       ||     1
Armor: Animal skin       |     1 |       ||     1
       Scale mail        |     7 |       ||     7
       Chain mail        |    29 |       ||    29
Dodge: Dodged            |    31 |       ||    31

Table legend:
 A = Spawn XP
 B = Non-spawn XP
 C = Spawn XP percentage of total XP
 D = Spawn monster count
 E = Non-spawn monster count
 F = Spawn count percentage of total count
 G = Total turns spent on level
                    A         B        C        D         E        F      G
               +---------+---------+-------+---------+---------+-------+---------
         Total |       0 |      83 |   0.0 |       0 |      24 |   0.0 |   544
               +---------+---------+-------+---------+---------+-------+---------
           D:1 |       0 |      20 |   0.0 |       0 |      13 |   0.0 |   218
           D:2 |       0 |      49 |   0.0 |       0 |       8 |   0.0 |   221
           D:3 |       0 |       2 |   0.0 |       0 |       1 |   0.0 |    66
           D:4 |       0 |      12 |   0.0 |       0 |       2 |   0.0 |    39
               +---------+---------+-------+---------+---------+-------+---------
